 Dungeon Crawl Stone Soup version 0.29-a0-393-g47a863cc1b (webtiles) character file.

Game seed: 15038596446623119422

45 zishaf the Grasshopper (level 3, -1/43 HPs)
             Began as a Barachi Warper on May 9, 2022.
             Slain by an adder (2 damage)
             ... on level 1 of the Dungeon.
             The game lasted 00:04:25 (2165 turns).

zishaf the Grasshopper (Barachi Warper)             Turns: 2165, Time: 00:04:26

Health: -1/43      AC:  3    Str: 18    XL:     3   Next: 64%
Magic:  6/6        EV: 11    Int: 15    God:
Gold:   98         SH:  0    Dex: 11    Spells: 1/6 levels left

rFire   + . .      SeeInvis .   h - +4 spear
rCold   . . .      Faith    .   (no shield)
rNeg    . . .      Spirit   .   b - +0 leather armour
rPois   .          Reflect  .   (no helmet)
rElec   .          Harm     .   (no cloak)
rCorr   .          Rampage  .   (no gloves)
Will    .....                   (no boots)
Stlth   ..........              (no amulet)
HPRegen 0.14/turn               g - +6 ring of strength
MPRegen 0.10/turn               l - ring of protection from fire

@: berserking, lethally poisoned (-1 -> -2), unable to hop, quick
A: amphibious, slowness 1, strong legs 1, +LOS
a: Hop


You were on level 1 of the Dungeon.
You visited 1 branch of the dungeon, and saw 2 of its levels.

You collected 98 gold pieces.

Inventory:

Hand Weapons
 a - a +0 falchion
 h - a +4 spear (weapon)
Missiles
 d - 2 boomerangs of dispersal (quivered)
Armour
 b - a +0 leather armour (worn)
Jewellery
 g - a +6 ring of strength (left hand)
 l - a ring of protection from fire (right hand)
Scrolls
 c - a scroll of blinking
 f - a scroll of magic mapping {unknown}
 k - 2 scrolls of fog {unknown}
 m - 2 scrolls of identify {unknown}
Potions
 i - a potion of curing {unknown}
 j - a potion of cancellation {unknown}
 n - a potion of might {unknown}
 o - a potion of brilliance {unknown}


   Skills:
 + Level 3.3 Fighting
 - Level 3.0 Long Blades
 - Level 1.0 Throwing
 - Level 1.2 Armour
 - Level 2.1 Dodging
 + Level 2.4 Spellcasting
 + Level 3.8 Translocations
 + Level 0.6 Air Magic


You had one spell level left.
You knew the following spells:

 Your Spells              Type           Power      Damage    Failure   Level
a - Blink                 Tloc           26%        N/A       8%          2
b - Swiftness             Air            3%         N/A       50%         3

Your spell library contained the following spells:

 Spells                   Type           Power      Damage    Failure   Level
 Slow                     Hex            4%         N/A       26%         1
 Gell's Gravitas          Tloc           13%        N/A       16%         3
 Lesser Beckoning         Tloc           13%        N/A       16%         3
 Teleport Other           Tloc           13%        N/A       16%         3
 Ensorcelled Hibernation  Hex/Ice        2%         N/A       36%         2
 Passwall                 Tmut/Erth      0%         N/A       36%         2
 Confusing Touch          Hex            1%         N/A       58%         3
 Vampiric Draining        Necr           1%         2d6       58%         3
 Manifold Assault         Tloc           13%        N/A       80%         5


Dungeon Overview and Level Annotations

Branches:
Dungeon (2/15)

Altars:


Innate Abilities, Weirdness & Mutations

You are amphibious.
You cover ground slowly.
You can hop short distances.
You have an extended range of vision and can be seen from far away.


Message History

You barely miss the ufetubus.
The adder hisses angrily.
The ufetubus barely misses you. The ufetubus hits you.
The ufetubus barely misses you. The ufetubus hits you.
You barely miss the adder. The adder bites you. The ufetubus barely misses you.
The ufetubus closely misses you.
You are too injured to fight recklessly!
You are too injured to fight recklessly!
The ufetubus attacks as you move away! The ufetubus closely misses you. x2
The adder bites you but does no damage. The ufetubus barely misses you.
The ufetubus hits you. The adder bites you.
There is a stone staircase leading up here.
You see here a giant cockroach corpse.
The ufetubus barely misses you. The ufetubus hits you. The adder bites you.
* * * LOW HITPOINT WARNING * * *
You are poisoned.
The adder poisons you!
You climb upwards.
* * * LOW HITPOINT WARNING * * *
You feel sick.
There is a stone staircase leading down here.
Hop to where?
Press: ? - help, Dir - move target Boing!
You feel sick. The ufetubus hits you.
* * * LOW HITPOINT WARNING * * *
The ufetubus hits you but does no damage. x2
The ufetubus hits you.
* * * LOW HITPOINT WARNING * * *
It was a potion of berserk rage.
A red film seems to cover your vision as you go berserk!
You feel yourself moving faster!
You feel mighty!
* * * LOW HITPOINT WARNING * * *
You feel sick. The ufetubus barely misses you. The ufetubus closely misses you.
You are too berserk!
You puncture the ufetubus!
You kill the ufetubus!
* * * LOW HITPOINT WARNING * * *
You feel sick.
You closely miss the adder. The adder bites you.
You die...

#.# #.#
############ #[#
#.###.......[...
#.#
#).....#########
#.# #####..#
####.# #######
#..### #....#
#.....# #....## ##
#...##
#.###.#####.....##
#. ###.# #.#
#............# #.
#.#
#.###@####.......#
#. #)# #..°S.#
#.......# #. #.#
###.### ##.....##
#. #.# #.#
#.....#####. #.#
#.# #...#.......
#.# #.#
###.#######. #.#
#.# #.# #. #.#
##.#########.# #.
#.#
#............####
##.


You could see an adder.

Vanquished Creatures
  An adder (D:2)
  An ufetubus (D:1)
  A worm (D:2)
  An endoplasm (D:2)
  A giant cockroach (D:2)
  3 goblins (D:1)
  7 hobgoblins (D:1)
  A kobold (D:1)
  A quokka (D:1)
  3 ball pythons
  2 bats (D:1)
  2 frilled lizards (D:1)
  3 rats
27 creatures vanquished.

Notes
Turn   | Place    | Note
-------+----------+-------------------------------------------
     0 | D:1      | zishaf the Barachi Warper began the quest for the Orb.
     0 | D:1      | Reached XP level 1. HP: 17/17 MP: 3/3
   515 | D:1      | Reached XP level 2. HP: 18/23 MP: 5/5
   814 | D:1      | Learned a level 2 spell: Blink
  1383 | D:2      | Reached XP level 3. HP: 29/29 MP: 6/6
  1396 | D:2      | Found a faded altar of an unknown god.
  1401 | D:2      | Learned a level 3 spell: Swiftness
  2163 | D:1      | HP: 2/43 [poisoned by an adder]
  2165 | D:1      | Slain by an adder

Illustrated notes

Levels and vault maps discovered:
D:1:      sevenhm_arrival_forest_fort_large_2, layout_loops_ring,
          minmay_tetromino_o4
D:2:      kennysheep_big_flooded_room, layout_basic,
          ebering_ecumenical_altar_webs

Skill      XL: |  1  2 |
---------------+-------+-----
Long Blades    | 3 |  3.0
Fighting       | 3 |  3.3
Throwing       | |  1.0
Armour         | |  1.2
Dodging        | |  2.1
Spellcasting   | |  2.4
Translocations | |  3.8
Air Magic      | |  0.6

Action                   || total
-------------------------++-------
Melee: Falchion          ||    34
       Spear             ||    68
Throw: Boomerang         ||     5
 Abil: Hop               ||     3
  Use: Potion            ||     1
Armor: Leather armour    ||    26
Dodge: Dodged            ||    57

Table legend: (Time is in decaauts)
 A = Elapsed time spent in this place.
 B = Non-inter-level travel time spent in this place.
 C = Inter-level travel time spent in this place.
 D = Time resting spent in this place.
 E = Time spent auto-exploring this place.
 F = Levels seen in this place.
 G = Mean time per level.
                   A        B        C        D        E       F      G
               +--------+--------+--------+--------+--------+-----+--------+
         Total |   2362 |   2274 |     88 |    708 |   1242 |   2 | 1181.0 |
       Dungeon |   2362 |   2274 |     88 |    708 |   1242 |   2 | 1181.0 |
               +--------+--------+--------+--------+--------+-----+--------+

Top non-repeatable levels by time:
     D:1: 1974 daAuts
     D:2: 388 daAuts
